 Dungeon Crawl Stone Soup version 0.18.1-6-gd335043 (webtiles) character file.

695 oplop the Digger (level 7, 11/61 HPs)
             Began as a Deep Dwarf Earth Elementalist on May 19, 2016.
             Was an Initiate of Makhleb.
             Quit the game on level 6 of the Dungeon.
             The game lasted 00:13:18 (3699 turns).

oplop the Digger (Deep Dwarf Earth Elementalist)    Turns: 3699, Time: 00:13:19

Health: 11/61      AC:  3    Str: 12    XL:     7   Next: 37%
Magic:  2/11       EV: 12    Int: 15    God:    Makhleb [......]
Gold:   244        SH:  0    Dex: 15    Spells: 2 memorised, 9 levels left

rFire  . . .     SeeInvis .     a - +2 short sword (venom)
rCold  . . .     Gourm    .     j - +1 robe
rNeg   . . .     Faith    .     (no shield)
rPois  .         Spirit   .     (no helmet)
rElec  .         Dismiss  .     (no cloak)
rCorr  .         Reflect  .     (no gloves)
SustAt .         Harm     .     (no boots)
MR     +....                    (no amulet)
Stlth  ++........               (no ring)
                                (no ring)

@: very slightly contaminated, non-regenerating, somewhat resistant to hostile
enchantments, unstealthy
A: damage resistance, recharge devices, sense surroundings 1, slow regeneration
3
a: Device Recharging, Renounce Religion


You were on level 6 of the Dungeon.
You worshipped Makhleb.
Makhleb was noncommittal.
You were not hungry.

You visited 2 branches of the dungeon, and saw 7 of its levels.

You collected 244 gold pieces.

Inventory:

Hand Weapons
 a - a +2 short sword of venom (weapon)
 e - a +0 dagger
 p - a +1 short sword of draining
 u - a +0 spear of freezing
Missiles
 b - 66 stones (quivered)
Armour
 j - a +1 robe (worn)
Wands
 d - a wand of heal wounds (5/9)
Scrolls
 g - a scroll of remove curse
 o - 2 scrolls of identify
 s - 2 scrolls of enchant armour
 w - a scroll of fog
 x - 2 scrolls of teleportation
Potions
 h - a potion of lignification
 l - a potion of berserk rage {unknown}
 m - 2 potions of cancellation {unknown}
 n - 3 potions of curing {unknown}
 r - a potion of mutation {unknown}
 z - a potion of flight {unknown}
Books
 c - a book of Geomancy

   Spells                             Type                      Level
   a - Sandblast                      Earth                        1
   b - Passwall                       Transmutation/Earth          2
   c - Stone Arrow                    Conjuration/Earth            3
   d - Petrify                        Transmutation/Earth          4
   e - Lee's Rapid Deconstruction     Earth                        5
 q - a book of Conjurations

   Spells                             Type                      Level
   a - Magic Dart                     Conjuration                  1
   b - Searing Ray                    Conjuration                  2
   c - Dazzling Spray                 Conjuration/Hexes            3
   d - Fulminant Prism                Conjuration/Hexes            4
   e - Iskenderun's Mystic Blast      Conjuration                  4
   f - Iskenderun's Battlesphere      Conjuration/Charms           5
Comestibles
 f - 3 bread rations
 i - a beef jerky
 k - 4 fruits
 t - a royal jelly
 v - 3 chunks of flesh


   Skills:
 + Level 2.6(1.3) Fighting
 + Level 4.5(2.2) Dodging
 - Level 2.4(1.2) Stealth
 + Level 3.8(1.9) Spellcasting
 + Level 2.4(1.2) Conjurations
   Level 0.8(0.4) Transmutations
 + Level 6.4(3.2) Earth Magic


You had 9 spell levels left.
You knew the following spells:

 Your Spells              Type           Power        Failure   Level  Hunger
a - Sandblast             Erth           ##....       8%          1    ##.....
b - Stone Arrow           Conj/Erth      #.....       30%         3    ####...


Dungeon Overview and Level Annotations

Branches:
Dungeon (6/15)             Temple (1/1) D:4

Altars:
Ashenzari
Cheibriados
Dithmenos
Elyvilon
Fedhas
Gozag
Kikubaaqudgha
Makhleb
Nemelex Xobeh
Pakellas
Qazlal
Ru
Sif Muna
Trog
Vehumet
Xom
Yredelemnul
Zin
The Shining One


Innate Abilities, Weirdness & Mutations

You are resistant to damage.
You can recharge devices by infusing magical energy.
You passively map a small area around you.
You do not regenerate naturally.


Message History

Aiming: Sandblast
Press: ? - help, Shift-Dir - straight line, f/p - centaur
Aim: a centaur (almost dead)
The blast of sand hits the centaur.
You kill the centaur!
Makhleb accepts your kill.
Casting: Sandblast
Confirm with . or Enter, or press ? or * to list all spells.
You can't see any susceptible monsters within range! (Use Z to cast anyway.)
Things that are here:
an uncursed shortbow of freezing; 17 arrows There isn't anything to butcher here.
Evoke which item? (* to show all) (? for menu, Esc to quit)
This wand has no charges.
Unknown command.
Read which item? (? for menu, Esc to quit)
Okay, then.
Charge which item? (? for menu, Esc to quit)
Your wand of heal wounds (0/9) glows for a moment and now has 5 charges.
Are you sure you want to abandon this character and quit the game? (Confirm with "yes".)

*#.#* .., , , , #.# #.# *
* #.####..# * *, ,
#.......# .. #.......##.,
,,, #.#......., , ,
#(#...#.., , ,#..(..#.#
,*..,# #.#####@#.## #.#.##
. #..........# #.#.. .
#######.)..# ....#.###
####.......)..###.#.#....
#........................
##.##........###..........
#.............##..........
#..##.....######..<.......
#..............#.)........


There were no monsters in sight!

Vanquished Creatures
  Prince Ribbit (D:5)
  An ogre (D:4)
  A centaur (D:6)
  A howler monkey (D:4)
  A crimson imp (D:5)
  An orc priest (D:4)
  A jelly (D:5)
  2 orc wizards (D:5)
  3 gnolls (D:6)
  5 adders
  A shadow imp (D:5)
  2 adder skeletons (D:4)
  A worm (D:3)
  2 dart slugs (D:2)
  3 giant geckos
  12 orcs
  4 ball pythons
  4 bats
  A giant cockroach (D:3)
  3 hobgoblins
  6 kobolds
  A quokka (D:2)
  A giant gecko skeleton (D:4)
  5 giant newts
  10 goblins
  7 rats
80 creatures vanquished.

Notes
Turn   | Place    | Note
--------------------------------------------------------------
     0 | D:1      | oplop the Deep Dwarf Earth Elementalist began the quest for the Orb.
     0 | D:1      | Reached XP level 1. HP: 15/15 MP: 3/3
   110 | D:1      | Reached XP level 2. HP: 22/22 MP: 0/5
   823 | D:2      | oplop: ??wand of heal wounds
   823 | D:2      | beem: wand of heal wounds[1/1]: Same effect as a potion of heal wounds, now in a handy-dandy wand! Its healing is not based at all on evocation skill. Deep Dwarves start with one that has five charges. It's cool! As of 0.16, cannot be used to pacify.
   823 | D:2      | oplop: ??heal wounds
   823 | D:2      | beem: heal wounds[1/2]: Restores a moderate amount of HP. Will not cure Rot status (but will reverse it), sickness, poisoning, or confusion. Compare with {potion of curing}.
   823 | D:2      | oplop: ??heal wounds[2
   823 | D:2      | beem: heal wounds[2/2]: Heals 10+(3d28/3) hp.
   823 | D:2      | namelastname112: ??wand of dick anus
   823 | D:2      | beem: I don't have a page labeled wand_of_dick_anus in my learndb.
   823 | D:2      | oplop: петросян.жпг
   856 | D:2      | Found an oddly glowing altar of Pakellas.
   882 | D:2      | Reached XP level 3. HP: 28/28 MP: 6/6
  1516 | D:2      | Reached skill level 5 in Earth Magic
  1689 | D:3      | Reached XP level 4. HP: 18/37 MP: 7/7
  1698 | D:3      | Found a shadowy altar of Dithmenos.
  2212 | D:4      | namelastname112: сходить в магаз чели
  2219 | D:4      | namelastname112: не ел весь день
  2219 | D:4      | namelastname112: потому что лень
  2219 | D:4      | oplop: попробуй
  2219 | D:4      | namelastname112: прикинь вот блять
  2219 | D:4      | oplop: у тебя там круглосуточный чтоле?
  2219 | D:4      | namelastname112: дожил
  2223 | D:4      | namelastname112: мне есть лень
  2229 | D:4      | Learned a level 3 spell: Stone Arrow
  2229 | D:4      | namelastname112: да, рядом с хатой круглосуточный
  2229 | D:4      | oplop: это норм
  2229 | D:4      | Wingboner: Кстати. Надо будет завтрак сделать себе, что ли.
  2229 | D:4      | oplop: нахуя я EE взял?
  2229 | D:4      | namelastname112: наркоман потому что
  2229 | D:4      | namelastname112: хз
  2229 | D:4      | namelastname112: пойду куплю овощей чели
  2229 | D:4      | oplop: взял бы файтера, ходил табал
  2229 | D:4      | namelastname112: или типа того
  2250 | D:4      | Reached skill level 1 in Fighting
  2250 | D:4      | Reached XP level 5. HP: 43/44 MP: 9/9
  2316 | D:4      | Noticed an ogre
  2317 | D:4      | Wingboner: У нас круглосуточные запрещены.
  2320 | D:4      | Killed an ogre
  2320 | D:4      | Reached skill level 1 in Conjurations
  2321 | D:4      | Wingboner: Ибо покупают бухло.
  2322 | D:4      | namelastname112: лол
  2336 | D:4      | Wingboner: И буянят.
  2342 | D:4      | Wingboner: НО
  2345 | D:4      | namelastname112: ты где живешь?
  2356 | D:4      | Wingboner: Мне однажды в три ночи захотелось запилить салат.
  2359 | D:4      | Wingboner: Пошёл искать крахмал.
  2360 | D:4      | oplop: >салат
  2360 | D:4      | oplop: >крахмал
  2360 | D:4      | Wingboner: Обошёл кварталов шесть, алкогольных точек штук десять.
  2360 | D:4      | oplop: cnhtvysq cfkfn
  2360 | D:4      | oplop: странный салат
  2487 | D:4      | Wingboner: А продуктовый только один нашёл, и то по наводке из алкоточки.
  2492 | D:4      | Reached XP level 6. HP: 38/52 MP: 1/10
  2562 | D:4      | Wingboner: Точнее, в одной алкоточке сказали, что в другой алкоточке могут знать, где сть.
  2576 | D:4      | Wingboner: И таки да.
  2623 | D:4      | Found a staircase to the Ecumenical Temple.
  2742 | D:5      | Entered Level 5 of the Dungeon
  2742 | D:5      | Noticed Prince Ribbit
  2759 | Temple   | Entered the Ecumenical Temple
  2861 | Temple   | Became a worshipper of Ashenzari the Shackled
  2876 | Temple   | Wingboner: И там, представьте себе, подходишь к двери, на тебя в камеру смотрят, если не похож на проверяющего — открывают окошечко.
  2876 | Temple   | oplop: пойду пельмени поставлю
  2876 | Temple   | Wingboner: И там можно таки купить крахмал.
  2876 | Temple   | oplop: хаха
  2876 | Temple   | oplop: ну норм
  2903 | D:5      | oplop: ты ж из/c Украины?
  2903 | D:5      | Wingboner: Состав салата: блины из яиц с крахмалом, копчёный сыр, копчёная колбаса, чеснок, майонез.
  2903 | D:5      | Wingboner: Агась.
  2903 | D:5      | oplop: ясно
  2920 | D:5      | Wingboner: Но это чисто нашего города заморочка.
  3016 | D:5      | oplop: мммм
  3016 | D:5      | oplop: ЗАЧЕМ я взял аше?
  3016 | D:5      | oplop: бля
  3016 | D:5      | Wingboner: Лол.
  3016 | D:5      | oplop: спать пора похожу
  3151 | Temple   | Fell from the grace of Ashenzari
  3151 | Temple   | Became a worshipper of Makhleb the Destroyer
  3152 | Temple   | oplop: бгг
  3285 | D:4      | oplop: ну тут все, можно вешаться
  3382 | D:5      | Killed Prince Ribbit
  3382 | D:5      | Reached skill level 6 in Earth Magic
  3382 | D:5      | Reached XP level 7. HP: 22/61 MP: 7/12
  3497 | D:6      | Wingboner: Маловероятно что мы корейцев обгоним.
  3497 | D:6      | Wingboner: Разве что ты стрик сделаешь, бгы.
  3497 | D:6      | oplop: там 1.8к разница
  3497 | D:6      | oplop: какой стрик
  3497 | D:6      | Wingboner: Мы были на 7м.
  3497 | D:6      | Wingboner: Посмотри, какая сейчас разница с 7м.
  3497 | D:6      | oplop: ты же сам знаешь, первая победа игрока еще и на 15 рун дофига дает
  3497 | D:6      | oplop: дальше труднее
  3699 | D:6      | Quit the game

Skill      XL: |  1  2  3  4  5  6 |
---------------+-------------------+-----
Spellcasting   | 2 3 |  3.8
Dodging        | 3 4 |  4.5
Earth Magic    | 5 6 |  6.4
Fighting       | 1 2 |  2.6
Conjurations   | 1 2 |  2.4
Stealth        | |  2.4
Transmutations | |  0.8

Action                   |  1- 3 |  4- 6 |  7- 9 || total
-------------------------+-------+-------+-------++-------
Melee: Unarmed           |     1 |       |       ||     1
       Short sword       |    75 |    54 |       ||   129
       Dagger            |     1 |       |       ||     1
 Cast: Sandblast         |    22 |    48 |    26 ||    96
       Stone Arrow       |       |     2 |       ||     2
 Abil: Device Recharging |       |       |     1 ||     1
Evoke: Wand              |     1 |     3 |     1 ||     5
  Use: Scroll            |       |    11 |       ||    11
 Stab: Sleeping          |     3 |     4 |       ||     7
  Eat: Chunk             |     3 |     4 |       ||     7
       Meat ration       |       |     1 |       ||     1
Armor: Robe              |    21 |    12 |     1 ||    34
Dodge: Dodged            |    50 |    51 |    26 ||   127
